 Dungeon Crawl Stone Soup version 0.29.1-12-g30fa7ad0bf (webtiles) character file.

Game seed: 9480432169114643109

139 Rrauwl the Shooter (level 5, -3/30 HPs)
             Began as a Deep Elf Hunter on Dec 21, 2022.
             Slain by a gnoll
             ... wielding a +0 flail
              (11 damage)
             ... on level 3 of the Dungeon.
             The game lasted 00:05:17 (2273 turns).

Rrauwl the Shooter (Deep Elf Hunter)                Turns: 2273, Time: 00:05:17

Health: -3/30      AC:  4    Str: 10      XL:     5   Next: 1%
Magic:  7/7        EV: 12    Int: 19 (20) God:
Gold:   84         SH:  0    Dex: 16 (18) Spells: 4/4 levels left

rFire   + . .      SeeInvis .   a - +0 shortbow
rCold   . . .      Faith    .   (shield currently unavailable)
rNeg    . . .      Spirit   .   c - +0 leather armour
rPois   .          Reflect  .   j - +0 helmet
rElec   .          Harm     .   (no cloak)
rCorr   .          Rampage  .   (no gloves)
Will    +....                   (no boots)
Stlth   ++........              (no amulet)
HPRegen 0.10/turn               h - +6 ring of intelligence
MPRegen 0.10/turn               (no ring)

@: no status effects
A: fire resistance 1, strong-willed 1, evolution 1
a: no special abilities


You were on level 3 of the Dungeon.
You visited 1 branch of the dungeon, and saw 3 of its levels.

You collected 84 gold pieces.

Inventory:

Hand Weapons
 a - a +0 shortbow (weapon)
 b - a +1 dagger of venom
Armour
 c - a +0 leather armour (worn)
 j - a +0 helmet (worn)
Jewellery
 h - a +6 ring of intelligence (left hand)
 m - a ring of ice
Wands
 i - a wand of polymorph (1)
Scrolls
 d - 2 scrolls of immolation
 f - 2 scrolls of identify
 g - a scroll of amnesia
 n - a scroll of teleportation
Potions
 e - a potion of flight
 l - 2 potions of might


   Skills:
 - Level 2.0 Fighting
 + Level 7.7 Ranged Weapons
 - Level 3.0 Dodging
 - Level 2.0 Stealth


You had 4 spell levels left.
You didn't know any spells.
Your spell library contained the following spells:

 Spells                   Type           Power      Damage    Failure   Level
 Conjure Flame            Conj/Fire      0%         6-21      63%         3
 Ignite Poison            Fire/Tmut/Pois 0%         N/A       63%         3
 Sticky Flame             Conj/Fire      0%         2d3       95%         4


Dungeon Overview and Level Annotations

Branches:
Dungeon (3/15)

Altars:
Elyvilon


Innate Abilities, Weirdness & Mutations

Your flesh is heat resistant. (rF+)
You are strong-willed. (Will+)
You have hidden genetic potential.


Message History

You shoot an arrow.
The arrow hits the goblin but does no damage.
The goblin is heavily wounded.
The goblin hits you with a +0 club.
You shoot an arrow. The arrow hits the goblin!
You kill the goblin!
You shoot an arrow. The arrow completely misses the gnoll.
The gnoll hits you with a +0 whip.
You shoot an arrow. The arrow barely misses the gnoll.
The gnoll hits you with a +0 whip.
You shoot an arrow. The arrow hits the gnoll.
You kill the gnoll!
You have reached level 5!
You shoot an arrow. The arrow hits the gnoll.
The gnoll is heavily wounded.
The gnoll hits you with a +0 flail. x2
You are too injured to fight recklessly!
You are too injured to fight recklessly!
You are too injured to fight recklessly!
You are too injured to fight recklessly!
You are too injured to fight recklessly!
Fire: a) +0 shortbow
Press: ? - help, Q - select action, (/) - cycle Shift-Dir - straight line, f/p - gnoll
Aim: a gnoll, wielding a +0 flail (heavily wounded, 68% to hit)
You shoot an arrow. The arrow closely misses the gnoll.
The gnoll hits you with a +0 flail.
Fire: a) +0 shortbow
Press: ? - help, Q - select action, (/) - cycle Shift-Dir - straight line, f/p - gnoll
Aim: a gnoll, wielding a +0 flail (heavily wounded, 68% to hit)
You shoot an arrow. The arrow hits the gnoll.
The gnoll is severely wounded.
The gnoll barely misses you.
Fire: a) +0 shortbow
Press: ? - help, Q - select action, (/) - cycle Shift-Dir - straight line, f/p - gnoll
Aim: a gnoll, wielding a +0 flail (severely wounded, 68% to hit)
You shoot an arrow. The arrow barely misses the gnoll.
The gnoll hits you with a +0 flail!
* * * LOW HITPOINT WARNING * * *
You feel better. The gnoll hits you with a +0 flail!
You die...

# .. ### #.. ..#
.. #.########
#)##........#
#..g.....##.#
#.#####@.##.##.#
.........##.##.#
.....###.##.##.#
.... #.......#
#... ...
####.#### #.. ..
#.# #.) . #.#
#.. #.# #.# #.#


You could see a gnoll.

Vanquished Creatures
  Jessica (D:2)
  2 gnolls (D:3)
  3 adders (D:2)
  4 dart slugs
  6 bats
  6 endoplasms
  A giant cockroach (D:2)
  4 goblins
  9 hobgoblins
  6 kobolds
  A quokka (D:1)
  2 ball pythons
  3 frilled lizards
  14 rats
62 creatures vanquished.

Notes
Turn   | Place    | Note
-------+----------+-------------------------------------------
     0 | D:1      | Rrauwl the Deep Elf Hunter began the quest for the Orb.
     0 | D:1      | Reached XP level 1. HP: 12/12 MP: 3/3
   239 | D:1      | Reached XP level 2. HP: 17/17 MP: 4/4
   670 | D:1      | Reached XP level 3. HP: 21/21 MP: 5/5
   853 | D:1      | Reached skill level 6 in Ranged Weapons
  1251 | D:2      | Found a faded altar of an unknown god.
  1382 | D:2      | Reached XP level 4. HP: 20/26 MP: 6/6
  1644 | D:2      | Gained mutation: You are strong-willed. (Will+) [potion of
                  | mutation]
  1644 | D:2      | Gained mutation: Your flesh is heat resistant. (rF+)
                  | [potion of mutation]
  1644 | D:2      | Gained mutation: You have hidden genetic potential. [potion
                  | of mutation]
  1853 | D:2      | Found a white marble altar of Elyvilon.
  1857 | D:2      | Reached skill level 7 in Ranged Weapons
  1866 | D:2      | Noticed Jessica
  1869 | D:2      | Killed Jessica
  2269 | D:3      | Reached XP level 5. HP: 20/30 MP: 7/7
  2272 | D:3      | HP: 1/30 [gnoll/+0 flail (10)]
  2273 | D:3      | Slain by a gnoll

Illustrated notes

Levels and vault maps discovered:
D:1:      minmay_arrival_nine_rooms, layout_loops_ring, palyth_stone_intersect
D:2:      layout_loops_ring, serial_glass, glass_columns_b, glass_columns_a,
          glass_columns_b, glass_columns_c, glass_columns_c, glass_columns_c,
          glass_columns_a, glass_columns_c, glass_columns_b, glass_columns_b,
          shapermc_ecumenical_altar_pompeii, basic_altar, uniq_jessica
D:3:      layout_loops_cross

Skill      XL: |  1  2  3  4 |
---------------+-------------+-----
Stealth        | 2 |  2.0
Fighting       | 2 |  2.0
Dodging        | 3 |  3.0
Ranged Weapons | 6 7 |  7.7

Action                   |  1- 3 |  4- 6 || total
-------------------------+-------+-------++-------
 Fire: Shortbow          |   105 |    60 ||   165
  Use: Scroll            |     7 |       ||     7
       Potion            |     3 |     3 ||     6
Armor: Leather armour    |     6 |     3 ||     9
Dodge: Dodged            |    14 |    13 ||    27
